 Dungeon Crawl Stone Soup version 0.31-a0-102-g33a4ccc0cb (webtiles) character file.

Game seed: 294422361949009681

102 Zonian the Conjurer (level 5, -6/35 HPs)
             Began as a Human Conjurer on May 27, 2023.
             Mangled by an iguana (11 damage)
             ... on level 4 of the Dungeon.
             The game lasted 00:07:56 (4670 turns).

Zonian the Conjurer (Human Conjurer)                Turns: 4670, Time: 00:07:56

Health: -6/35      AC:  6    Str:  8    XL:     5   Next: 5%
Magic:  9/9        EV: 12    Int: 18    God:
Gold:   122        SH:  0    Dex: 13    Spells: 3/9 levels left

rFire   . . .        d - +0 dagger
rCold   . . .        (no shield)
rNeg    . . .        e - +0 leather armour
rPois   .            (no helmet)
rElec   .            n - +2 cloak {rCorr}
rCorr   +            (no gloves)
SInv    .            (no boots)
Will    .....        (no amulet)
Stlth   ++           (no ring)
HPRegen 0.25/turn    (no ring)
MPRegen 0.11/turn

%: no passive effects
@: no status effects
A: no striking features
a: no special abilities


You were on level 4 of the Dungeon.
You visited 1 branch of the dungeon, and saw 4 of its levels.

You collected 122 gold pieces.

Inventory:

Hand Weapons
 d - a +0 dagger (weapon)
 g - a +0 short sword
 k - a +0 long sword
 m - a +0 flail
Missiles
 j - 23 stones
Armour
 a - a +0 robe
 e - a +0 leather armour (worn)
 n - a +2 cloak of preservation (worn)
Scrolls
 c - a scroll of identify
 f - a scroll of amnesia
 h - a scroll of magic mapping
Potions
 b - a potion of magic
 i - a potion of curing
 o - a potion of attraction


   Skills:
 + Level 2.9 Dodging
 + Level 3.0 Stealth
 + Level 2.8 Spellcasting
 + Level 4.5 Conjurations


You had 3 spell levels left.
You knew the following spells:

 Your Spells              Type           Power      Damage    Failure   Level
a - Magic Dart            Conj           72%        1d6       3%          1
b - Searing Ray           Conj           36%        2d5       6%          2
c - Dazzling Flash        Conj/Hex       18%        N/A       32%         3

Your spell library contained the following spells:

 Spells                   Type           Power      Damage    Failure   Level
 Fulminant Prism          Conj/Hex       4%         3d5       73%         4
 Iskenderun's Mystic Bla  Conj/Tloc      9%         2d4       73%         4


Dungeon Overview and Level Annotations

Branches:
Dungeon (4/15)
 Temple: D:4-7

Altars:
Wu Jian
Xom

Annotations:
D:3 2 transporters, Terence; bungle's ghost, amateur BaHu


Message History

Unknown command.
You now have 122 gold pieces (gained 13).
There are no items here.
You see here a +0 long sword.
k - a +0 long sword 2 orcs and an iguana come into view.
The iguana hisses angrily.
There are monsters nearby!
Unknown command.
The magic dart hits the orc.
The orc is lightly wounded.
The orc shouts! x2; You hear a shout!
An orc comes into view. It is wielding a +0 short sword.
The magic dart hits the orc.
The orc is almost dead.
The magic dart hits the orc but does no damage.
The orc is almost dead.
The magic dart hits the orc but does no damage.
The orc is almost dead.
The orc completely misses you.
The magic dart hits the orc.
You kill the orc!
An orc comes into view. It is wielding a +0 war axe.
The magic dart hits the iguana.
The iguana is lightly wounded.
The iguana misses you.
The magic dart hits the iguana but does no damage.
The iguana is lightly wounded.
The iguana bites you!
An orc comes into view. It is wielding a +0 falchion.
The magic dart hits the iguana but does no damage.
The iguana is lightly wounded.
The orc shouts!
The iguana bites you! The iguana attacks as you move away!
The iguana bites you!
* * * LOW HITPOINT WARNING * * *
Okay, then.
Okay, then.
Magic courses through your body. The iguana bites you!
You die...

#.###
#.##
#.#..
#...
#.#o#
####
#.#o#
#####.#o#
#.....#.#
#.#####o#
#.#####l#
#.....@.#
#########


You could see an iguana and 4 orcs.

Vanquished Creatures
  3 adders
  An ufetubus (D:4)
  2 dart slugs
  2 orcs
  4 ball pythons
  4 bats
  6 endoplasms
  A giant cockroach (D:1)
  7 goblins
  7 hobgoblins
  4 jackals (D:2)
  A quokka (D:2)
  4 frilled lizards
  4 kobolds
  11 rats
61 creatures vanquished.

Notes
Turn   | Place    | Note
-------+----------+-------------------------------------------
     0 | D:1      | Zonian the Human Conjurer began the quest for the Orb.
     0 | D:1      | Reached XP level 1. HP: 13/13 MP: 3/3
   305 | D:1      | Reached XP level 2. HP: 16/19 MP: 0/5
   938 | D:1      | Reached XP level 3. HP: 24/24 MP: 6/6
   981 | D:1      | Found a faded altar of an unknown god.
  1435 | D:2      | Found an ornate altar of the Wu Jian Council.
  2146 | D:2      | Reached XP level 4. HP: 30/30 MP: 5/7
  2672 | D:3      | Learned a level 2 spell: Searing Ray
  2699 | D:3      | Found a transporter.
  2710 | D:3      | Noticed bungle's ghost (amateur BaHu)
  2978 | D:3      | Noticed Terence
  4158 | D:3      | Learned a level 3 spell: Dazzling Flash
  4278 | D:3      | Found a transporter.
  4411 | D:3      | Found a faded altar of an unknown god.
  4416 | D:3      | Found a shimmering altar of Xom.
  4542 | D:4      | Reached XP level 5. HP: 29/35 MP: 3/9
  4670 | D:4      | Mangled by an iguana

Illustrated notes

Levels and vault maps discovered:
D:1:      nagdon_arrival_double_spiral, layout_rooms,
          dilly_ecumenical_altar_fadedgnrine, nicolae_the_louvre
D:2:      layout_loops_corners, basic_altar
D:3:      layout_basic, nicolae_overflow_ecumenical_swirl,
          gammafunk_ghost_stat_death, uniq_terence
D:4:      layout_basic

Skill      XL: |  1  2  3  4 |
---------------+-------------+-----
Stealth        | 3 |  3.0
Dodging        | |  2.9
Spellcasting   | |  2.8
Conjurations   | |  4.5

Action                     |  1- 3 |  4- 6 || total
---------------------------+-------+-------++-------
  Melee: Unarmed           |    36 |       ||    36
         Punch             |     1 |     1 ||     2
         Dagger            |    46 |    80 ||   126
   Cast: Magic Dart        |    57 |    39 ||    96
    Use: Scroll            |       |    11 ||    11
         Potion            |       |     1 ||     1
   Stab: Sleeping          |     1 |     5 ||     6
 Armour: Robe              |    22 |       ||    22
         Leather armour    |    10 |    33 ||    43
  Dodge: Dodged            |    79 |    54 ||   133

Table legend: (Time is in decaauts)
 A = Elapsed time spent in this place.
 B = Non-inter-level travel time spent in this place.
 C = Inter-level travel time spent in this place.
 D = Time resting spent in this place.
 E = Time spent auto-exploring this place.
 F = Levels seen in this place.
 G = Mean time per level.
                   A        B        C        D        E       F      G
               +--------+--------+--------+--------+--------+-----+--------+
         Total |   4703 |   4577 |    126 |   1634 |   2147 |   4 | 1175.8 |
       Dungeon |   4703 |   4577 |    126 |   1634 |   2147 |   4 | 1175.8 |
               +--------+--------+--------+--------+--------+-----+--------+

Top non-repeatable levels by time:
     D:2: 1901 daAuts
     D:3: 1591 daAuts
     D:1: 1039 daAuts
     D:4: 171 daAuts
